 Dungeon Crawl Stone Soup version 0.28-a0-429-g1448048969 (webtiles) character file.

Game seed: 11459304692709768449

10570 mg7810 the Caller (level 11, -5/89 HPs)
             Began as a Pale Draconian Summoner on Sept 9, 2021.
             Was a Follower of Sif Muna.
             Killed from afar by an electric eel (7 damage)
             ... with a bolt of electricity
             ... on level 11 of the Dungeon on Sept 10, 2021.
             The game lasted 01:05:36 (14155 turns).

mg7810 the Caller (Pale Draconian Summoner)        Turns: 14155, Time: 01:05:37

Health: -5/89      AC: 11    Str: 11    XL:     11   Next: 37%
Magic:  35/38      EV: 13    Int: 18    God:    Sif Muna [*.....]
Gold:   249        SH:  0    Dex: 12    Spells: 3/23 levels left

rFire   + . .      SeeInvis +   t - +9 broad axe "Impbane" {flame, rPois Will+ MP+9 Stlth+}
rCold   + . .      Faith    .   (no shield)
rNeg    . . .      Spirit   .   (armour unavailable)
rPois   +          Reflect  .   (helmet restricted)
rElec   .          Harm     .   x - +3 cloak of the Other World {rF+ rC+ SInv}
rCorr   .          Rampage  .   (no gloves)
Will    +....                   (no boots)
Stlth   +++.......              D - amulet of regeneration
HPRegen 1.24/turn               p - ring of magical power
MPRegen 0.26/turn               s - ring of wizardry

@: no status effects
A: breathe steam, AC +7, unfitting armour, cold-blooded, steam resistance
a: Breathe Steam, Renounce Religion, Channel Magic


You were on level 11 of the Dungeon.
You worshipped Sif Muna.
Sif Muna was aware of your devotion.
You visited 2 branches of the dungeon, and saw 12 of its levels.
You also visited: Bailey.

You collected 419 gold pieces.
You spent 170 gold pieces at shops.

Inventory:

Hand Weapons
 e - a +2 hand axe of pain
 g - a +4 dagger of speed
 m - a +2 falchion of holy wrath
 q - a +2 war axe of flaming
 t - the +9 broad axe "Impbane" (weapon) {flame, rPois Will+ MP+9 Stlth+}
   (You took it off a hobgoblin in a bailey)

   It burns those it strikes, dealing additional fire damage.
   Big, fiery blades are also staple armaments of hydra-hunters.
   rPois:     It protects you from poison.
   MP:        It affects your magic capacity (+9).
   Will:      It increases your willpower.
   Stlth:     It makes you more stealthy.
 y - the +6 short sword "Ijafyc" {vamp, rF+ Str+3}
   (You found it in a bailey)

   It occasionally heals its wielder for a portion of the damage dealt when it
   wounds a living foe.
   Str:       It affects your strength (+3).
   rF:        It protects you from fire.
 z - a +4 quarterstaff of chaos
Missiles
 l - 2 throwing nets
Armour
 x - the +3 cloak of the Other World (worn) {rF+ rC+ SInv}
   (You acquired it in a bailey)

   rF:        It protects you from fire.
   rC:        It protects you from cold.
   SInv:      It lets you see invisible.
Jewellery
 n - the ring of the Pariah {Will+ EV+4}
   (You found it on level 5 of the Dungeon)

   [ring of evasion]

   EV:        It affects your evasion (+4).
   Will:      It increases your willpower.
 p - a ring of magical power (left hand)
 s - a ring of wizardry (right hand)
 v - the amulet of Ixtafob {Spirit rElec rF+ Will+}
   (You bought it in a shop on level 10 of the Dungeon)

   [amulet of guardian spirit]

   It causes incoming damage to be divided between your reserves of health and
   magic.
   rF:        It protects you from fire.
   rElec:     It insulates you from electricity.
   Will:      It increases your willpower.
 D - an amulet of regeneration (around neck)
Wands
 j - a wand of iceblast (19)
 k - a wand of flame (51)
 C - a wand of paralysis (7)
Scrolls
 b - 3 scrolls of fog
 d - 3 scrolls of blinking
 f - 3 scrolls of vulnerability
 i - 3 scrolls of enchant weapon
 o - a scroll of magic mapping
 w - a scroll of brand weapon {unknown}
 A - a scroll of immolation {unknown}
 B - a scroll of amnesia
Potions
 a - a potion of heal wounds
 c - a potion of magic {unknown}
 h - a potion of cancellation {unknown}
 r - 4 potions of curing
 u - a potion of haste {unknown}
 E - a potion of lignification


   Skills:
 + Level 5.7 Fighting
 - Level 2.4(4.3) Short Blades
 - Level 5.6(5.8) Long Blades
 * Level 6.0 Axes
 + Level 4.3 Dodging
 + Level 3.5 Stealth
 + Level 3.0 Unarmed Combat
 + Level 6.5 Spellcasting
 + Level 5.0 Hexes
 * Level 7.9 Summonings
 + Level 4.2 Air Magic
 * Level 2.7 Invocations
 + Level 5.8 Evocations


You had 3 spell levels left.
You knew the following spells:

 Your Spells              Type           Power      Damage    Failure   Level
a - Summon Small Mammal   Summ           100%       N/A       1%          1
b - Call Imp              Summ           34%        N/A       1%          2
c - Call Canine Familiar  Summ           34%        N/A       1%          3
d - Summon Guardian Gole  Hex/Summ       29%        N/A       1%          3
e - Summon Lightning Spi  Summ/Air       27%        N/A       4%          4
f - Summon Hydra          Summ           17%        N/A       78%         7

Your spell library contained the following spells:

 Spells                   Type           Power      Damage    Failure   Level
 Static Discharge         Conj/Air       13%        N/A       3%          2
 Beastly Appendage        Tmut           10%        N/A       4%          1
 Sandblast                Erth           10%        2d5       4%          1
 Sublimation of Blood     Necr           2%         N/A       7%          2
 Wereblood                Tmut           5%         N/A       7%          2
 Ozocubu's Armour         Ice            5%         N/A       14%         3
 Spider Form              Tmut/Pois      2%         N/A       14%         3
 Lightning Bolt           Conj/Air       6%         1d18      45%         5
 Malign Gateway           Summ/Tloc      10%        N/A       99%         7
 Ozocubu's Refrigeration  Ice            2%         4d5       100%        7
 Maxwell's Capacitive Co  Air            10%        ∞         100%        8
 Summon Horrible Things   Summ           17%        N/A       100%        8


Dungeon Overview and Level Annotations

Branches:
Dungeon (11/15)            Temple (1/1) D:7             Orc (0/2) D:10
 Bailey (visited)
   Lair: D:8-11

Altars:
Ashenzari
Cheibriados
Dithmenos
Elyvilon
Fedhas
Gozag
Hepliaklqana
Kikubaaqudgha
Makhleb
Nemelex Xobeh
Okawaru
Qazlal
Ru
Sif Muna
Trog
Uskayaw
Vehumet
Wu Jian
Xom
Zin
The Shining One

Shops:
D:10 *


Innate Abilities, Weirdness & Mutations

You can breathe blasts of scalding, opaque steam.
Your pale cyan-grey scales are hard. (AC +7)
You cannot fit into any form of body armour.
You are cold-blooded and may be slowed by cold attacks.
You are immune to the effects of steam.


Message History

The bolt of electricity hits you!
The electric eel shoots out a bolt of lightning at you!
The bolt of electricity hits the plant!
The plant begins to die.
The bolt of electricity misses you. The white ugly thing barely misses you.
You start removing your amulet.
You continue taking off your amulet of regeneration.
The white ugly thing gores you!
Keep disrobing?
The white ugly thing freezes you! You resist.
The electric eel shoots out a bolt of lightning at you!
The bolt of electricity hits your lightning spire.
Your lightning spire completely resists.
The bolt of electricity hits you!
The electric eel shoots out a bolt of lightning at you!
The bolt of electricity hits the plant!
The bolt of electricity misses you.
You continue taking off your amulet of regeneration.
The white ugly thing gores you! The white ugly thing freezes you! You resist.
The electric eel shoots out a bolt of lightning at you!
The bolt of electricity hits your lightning spire.
Your lightning spire completely resists.
The bolt of electricity hits you!
* * * LOW HITPOINT WARNING * * *
You continue taking off your amulet of regeneration.
The boulder beetle curls into a ball and begins rolling!
The white ugly thing completely misses you.
The electric eel shoots out a bolt of lightning at you!
The bolt of electricity hits your lightning spire.
Your lightning spire completely resists.
The bolt of electricity hits you!
* * * LOW HITPOINT WARNING * * *
You continue taking off your amulet of regeneration.
A nearby plant withers and dies.
The boulder beetle hits you.
* * * LOW HITPOINT WARNING * * *
The boulder beetle stops rolling and uncurls.
The white ugly thing gores you but does no damage.
The electric eel shoots out a bolt of lightning at you!
The bolt of electricity hits the plant!
The plant begins to die.
The bolt of electricity hits you!
You die...

≈≈≈♣ PP≈#....#.
PP≈;♣≈≈P..≈...#
.PP≈P♣≈≈≈PP≈...
....≈.P≈♣≈≈P...
.......≈PPP≈≈..
......○PPPP≈≈.#
#≈≈;...B..PP≈..
♣8.@u......
♣≈.<#..#...
≈≈PP♣.. ##
≈≈≈P≈≈♣..#
≈P≈≈≈ ≈♣..
≈P≈≈≈ ≈ ≈..
PP≈≈ ≈ ≈.. P≈≈≈
≈≈ ♣###


You could see a boulder beetle, a white ugly thing, 2 electric eels and a
friendly lightning spire (summoned).

Vanquished Creatures
  2 orc knights (Bailey)
  A kobold demonologist (Bailey)
  Grinder (D:5)
  2 shadows (D:10)
  Grum (D:8)
  Eustachio (D:5)
  A steam dragon (D:9)
  3 orc warriors
  An ice beast (D:6)
  A sky beast (D:6)
  A necrophage (D:5)
  A wolf (D:8)
  4 centaurs
  A phantom (D:7)
  A kobold brigand (D:8)
  2 bullfrogs
  An electric eel (Bailey)
  4 centaur zombies
  A howler monkey (D:7)
  A bullfrog zombie (D:6)
  A bullfrog skeleton (D:6)
  5 orc priests
  2 centaur skeletons (D:7)
  Terence (D:3)
  An iguana (D:6)
  Natasha (D:3)
  4 orc wizards
  A nameless horror (Bailey)
  3 hound skeletons
  6 gnolls
  A shadow imp (D:7)
  2 white imps
  An ufetubus (D:6)
  25 orcs
  6 goblins
  2 hobgoblins (Bailey)
  A quokka (D:3)
  3 bats
  6 kobolds (D:8)
  A rat (D:3)
104 creatures vanquished.

Vanquished Creatures (collateral kills)
  Maggie (D:6)
  An unseen horror (D:9)
  2 kobold demonologists (D:10)
  A troll (D:9)
  A steam dragon (D:8)
  3 yaks (D:9)
  2 water moccasins (D:7)
  An ice beast (D:6)
  A black bear (D:4)
  Purgy (D:3)
  An orc warrior (Bailey)
  2 centaurs
  A lemure (D:7)
  A gnoll sergeant (D:8)
  A bullfrog (D:9)
  A killer bee (D:7)
  A bullfrog zombie (D:5)
  A centaur zombie (D:9)
  A hound (D:4)
  4 jellies
  2 iguanas
  Natasha (twice) (D:3)
  An orc wizard (D:7)
  5 gnolls
  3 adders
  A white imp (D:6)
  2 adder skeletons (D:4)
  2 worms
  5 dart slugs
  28 orcs
  8 endoplasms
  5 giant cockroaches
  7 hobgoblins
  7 kobolds
  2 quokkas
  4 ball pythons
  5 bats
  7 goblins
  2 rats
126 creatures vanquished.

Vanquished Creatures (others)
  2 two-headed ogres
  Pikel (D:7)
  An orc knight (Bailey)
  A gargoyle (D:9)
  A kobold demonologist (Bailey)
  3 orc warriors (Bailey)
  A wolf (D:8)
  2 killer bees (D:7)
  Crazy Yiuf (D:7)
  A jelly (D:8)
  A gnoll (Bailey)
  3 orcs (D:5)
  2 hobgoblins (Bailey)
  A plant (D:11)
21 creatures vanquished.

Grand Total: 251 creatures vanquished

Notes
Turn   | Place    | Note
-------+----------+-------------------------------------------
     0 | D:1      | mg7810 the Draconian Summoner began the quest for the Orb.
     0 | D:1      | Reached XP level 1. HP: 14/14 MP: 3/3
   510 | D:1      | Reached XP level 2. HP: 13/20 MP: 1/5
   513 | D:1      | Learned a level 2 spell: Call Imp
   831 | D:1      | Found a faded altar of an unknown god.
  1399 | D:2      | Reached XP level 3. HP: 24/26 MP: 4/6
  1403 | D:2      | Learned a level 3 spell: Call Canine Familiar
  1597 | D:2      | Reached skill level 1 in Short Blades
  2278 | D:3      | Noticed Natasha
  2287 | D:3      | Killed Natasha
  2288 | D:3      | Reached skill level 1 in Unarmed Combat
  2288 | D:3      | Reached XP level 4. HP: 33/33 MP: 1/8
  2401 | D:3      | Learned a level 3 spell: Summon Guardian Golem
  2516 | D:3      | Noticed Purgy
  2530 | D:3      | Killed Purgy
  2531 | D:3      | Reached XP level 5. HP: 38/38 MP: 3/10
  2594 | D:3      | Noticed Natasha
  2605 | D:3      | Killed Natasha
  3033 | D:3      | Noticed Terence
  3042 | D:3      | Noticed Natasha
  3075 | D:3      | Killed Natasha
  3090 | D:3      | Killed Terence
  3405 | D:3      | Reached XP level 6. HP: 45/45 MP: 0/11
  3408 | D:3      | Reached skill level 1 in Hexes
  4156 | D:4      | Reached skill level 1 in Evocations
  4251 | D:4      | Reached skill level 5 in Summonings
  5029 | D:5      | Entered Level 5 of the Dungeon
  5042 | D:5      | Identified the ring of the Pariah {Will+ EV+4}
  5084 | D:5      | Noticed Eustachio
  5166 | D:5      | Killed Eustachio
  5167 | D:5      | Reached skill level 1 in Fighting
  5167 | D:5      | Your scales start taking on a pale cyan-grey colour.
  5167 | D:5      | Reached XP level 7. HP: 28/52 MP: 5/12
  5167 | D:5      | Gained mutation: You are immune to the effects of steam.
                  | [Pale Draconian growth]
  5347 | D:5      | Learned a level 4 spell: Summon Lightning Spire
  5366 | D:5      | Reached skill level 1 in Air Magic
  5379 | D:5      | Reached skill level 1 in Long Blades
  5674 | D:5      | Noticed Grinder
  5676 | D:5      | Paralysed by Grinder for 4 turns
  5677 | D:5      | Killed Grinder
  5957 | D:5      | Reached XP level 8. HP: 60/60 MP: 10/14
  6410 | D:6      | Noticed a two-headed ogre
  6552 | D:6      | Killed a two-headed ogre
  6553 | D:6      | Reached skill level 6 in Summonings
  6553 | D:6      | Reached XP level 9. HP: 21/69 MP: 7/16
  6804 | D:6      | Reached skill level 5 in Spellcasting
  7084 | D:6      | Noticed Maggie
  7099 | D:6      | Killed Maggie
  7706 | D:7      | Found a staircase to the Ecumenical Temple.
  7771 | D:7      | Found a flagged portal.
  7786 | Bailey   | Entered a bailey
  7918 | Bailey   | Noticed an orc knight
  7934 | Bailey   | Killed an orc knight
  7935 | Bailey   | Reached skill level 5 in Long Blades
  8007 | Bailey   | Found an iron altar of Okawaru.
  8007 | Bailey   | Noticed a kobold demonologist
  8007 | Bailey   | Noticed a kobold demonologist
  8026 | Bailey   | Killed a kobold demonologist
  8027 | Bailey   | Reached skill level 5 in Evocations
  8027 | Bailey   | Reached XP level 10. HP: 80/80 MP: 4/18
  8029 | Bailey   | Noticed a rust devil
  8226 | Bailey   | Identified the +6 short sword "Ijafyc" {vamp, rF+ Str+3}
  8235 | Bailey   | Noticed an orc knight
  8257 | Bailey   | Noticed an orc knight
  8271 | Bailey   | Killed an orc knight
  8272 | Bailey   | Reached skill level 7 in Summonings
  8272 | Bailey   | Killed an orc knight
  8273 | Bailey   | Reached skill level 5 in Fighting
  8360 | Bailey   | Identified the +9 broad axe "Impbane" {flame, rPois Will+
                  | MP+9 Stlth+}
  8568 | Bailey   | Learned a level 7 spell: Summon Hydra
  8869 | Bailey   | Reached skill level 1 in Axes
  9003 | Bailey   | Acquired the +3 cloak of the Other World {rF+ rC+ SInv}
  9619 | D:7      | Found a burning altar of Makhleb.
  9841 | D:7      | Noticed Pikel
  9920 | D:7      | Killed Pikel
 10025 | D:7      | Found a runed translucent door.
 10026 | D:7      | Noticed Crazy Yiuf
 10282 | D:7      | Killed Crazy Yiuf
 10568 | Temple   | Entered the Ecumenical Temple
 10598 | Temple   | Became a worshipper of Sif Muna the Loreminder
 10763 | D:8      | Noticed Grum
 10772 | D:8      | Killed Grum
 10909 | D:8      | Reached skill level 1 in Invocations
 11582 | D:8      | Reached * piety under Sif Muna
 11838 | D:8      | Upgraded the game from 0.28-a0-425-gd0eccab798 to
                  | 0.28-a0-429-g1448048969
 11972 | D:9      | Reached XP level 11. HP: 88/88 MP: 20/20
 11978 | D:9      | Reached skill level 5 in Axes
 12255 | D:9      | Noticed a two-headed ogre
 12276 | D:9      | Killed a two-headed ogre
 12499 | D:9      | Reached skill level 5 in Hexes
 12879 | D:10     | Entered Level 10 of the Dungeon
 12915 | D:10     | Found a staircase to the Orcish Mines.
 12963 | D:10     | Got the Papyrus of Creative Stones
 13997 | D:10     | Noticed a soul eater
 14098 | D:10     | Found Won Roor's Assorted Antiques.
 14146 | D:10     | Bought a coiled silver amulet for 170 gold pieces
 14146 | D:10     | Identified the amulet of Ixtafob {Spirit rElec rF+ Will+}
                  | (You bought it in a shop on level 10 of the Dungeon)
 14149 | D:11     | Noticed a boulder beetle
 14149 | D:11     | Noticed a white ugly thing
 14155 | D:11     | HP: 2/89 [boulder beetle (5)]
 14155 | D:11     | Killed from afar by an electric eel

Illustrated notes

Levels and vault maps discovered:
D:1:      sevenhm_arrival_forest_fort_small_1, layout_basic,
          shapermc_ecumenical_altar_mp_highgroup
D:2:      layout_basic, corexii_corridor_pit, minmay_misc_feat_hallway,
          chequers_decorated_corner
D:3:      layout_basic, uniq_purgy, uniq_terence, uniq_natasha
D:4:      layout_basic, minmay_close_crescents
D:5:      layout_loops_ring, uniq_grinder, uniq_eustachio
D:6:      layout_basic, uniq_maggie
D:7:      layout_basic, lightli_temple_of_fire,
          minmay_temple_entry_statues_fountains, enter_bailey_2,
          uniq_crazy_yiuf_cottage, uniq_pikel
D:8:      layout_loops_ring, minmay_orc_keep, uniq_grum
D:9:      layout_cave_pods
D:10:     layout_basic, david_orc_3, serial_shops, shop
D:11:     layout_cross, erik_lair_island, serial_bayou, serial_bayou_lagoon_a,
          serial_bayou_pond_c, serial_bayou_lake_a, serial_bayou_shore_b,
          hangedman_decor_push, chequers_serial_rivers_small_a
Temple:   grunt_wide_crystal_templ

Skill      XL: |  1  2  3  4  5  6  7  8  9 10 11 |
---------------+----------------------------------+-----
Short Blades   | 1 2 |  2.4
Unarmed Combat | 1 2 3 |  3.0
Spellcasting   | 3 4 5 6 |  6.5
Hexes          | 1 2 3 4 5 |  5.0
Evocations     | 2 3 5 |  5.8
Dodging        | 2 3 4 |  4.3
Summonings     | 5 6 7 |  7.9
Stealth        | 2 3 |  3.5
Fighting       | 1 3 4 5 |  5.7
Air Magic      | 1 3 4 |  4.2
Long Blades    | 2 3 5 |  5.6
Axes           | 4 6 |  6.0
Invocations    | 1 2 |  2.7

Action                   |  1- 3 |  4- 6 |  7- 9 | 10-12 || total
-------------------------+-------+-------+-------+-------++-------
Melee: Dagger            |    11 |    58 |       |       ||    69
       Unarmed           |     1 |       |       |       ||     1
       Falchion          |       |    46 |    57 |    20 ||   123
       Tailslap          |       |     6 |     7 |    11 ||    24
       Punch             |       |     1 |       |     1 ||     2
       Broad axe         |       |       |       |   119 ||   119
 Cast: Summon Small Mamm |    24 |     3 |       |       ||    27
       Call Imp          |    27 |    15 |     3 |     1 ||    46
       Call Canine Famil |     9 |    27 |    17 |    17 ||    70
       Summon Guardian G |       |     7 |     4 |    15 ||    26
       Summon Lightning  |       |       |    14 |    19 ||    33
 Abil: Breathe Steam     |       |       |    12 |    12 ||    24
  Use: Scroll            |       |     9 |     3 |     5 ||    17
       Potion            |       |     4 |     1 |     1 ||     6
 Stab: Distracted        |       |       |     1 |     1 ||     2
       Sleeping          |       |       |       |     2 ||     2
Armor: Skin              |    22 |    66 |    25 |    51 ||   164
Dodge: Dodged            |    41 |    85 |   112 |   181 ||   419

Table legend: (Time is in decaauts)
 A = Elapsed time spent in this place.
 B = Non-inter-level travel time spent in this place.
 C = Inter-level travel time spent in this place.
 D = Time resting spent in this place.
 E = Time spent auto-exploring this place.
 F = Levels seen in this place.
 G = Mean time per level.
                   A        B        C        D        E       F      G
               +--------+--------+--------+--------+--------+-----+--------+
         Total |  14207 |  13825 |    382 |     77 |  10790 |  13 | 1092.8 |
       Dungeon |  12747 |  12366 |    381 |      0 |   9958 |  11 | 1158.8 |
        Temple |     41 |     41 |      0 |      0 |      0 |   1 |   41.0 |
        Bailey |   1418 |   1418 |      0 |     77 |    832 |   1 | 1418.0 |
               +--------+--------+--------+--------+--------+-----+--------+

Top non-repeatable levels by time:
     D:3: 1829 daAuts
     D:6: 1695 daAuts
     D:7: 1503 daAuts
  Bailey: 1418 daAuts
     D:8: 1281 daAuts
    D:10: 1272 daAuts
     D:1: 1242 daAuts
     D:2: 1033 daAuts
     D:9: 992 daAuts
     D:5: 983 daAuts
     D:4: 908 daAuts
  Temple: 41 daAuts
    D:11: 5 daAuts
